 Dungeon Crawl Stone Soup version 0.16.1-16-gc44b35d (webtiles) character file.

989 jacksonaction the Transmogrifier (level 8, -11/57 HPs)
             Began as an Octopode Transmuter on Apr 20, 2015.
             Was a Follower of Cheibriados.
             Shot with an arrow by a centaur (16 damage)
             ... on level 5 of the Dungeon.
             The game lasted 00:25:08 (5617 turns).

jacksonaction the Transmogrifier (OpTm)             Turns: 5617, Time: 00:25:08

Health: -11/57     AC:  6    Str: 12    XL:     8   Next: 18%
Magic:  9/13       EV: 10    Int: 21    God:    Cheibriados [*.....]
Gold:   272        SH:  0    Dex: 15    Spells: 3 memorised, 3 levels left

rFire  x . .     SeeInvis .       - Unarmed
rCold  + + +     Clarity  .     (shield currently unavailable)
rNeg   . . .     SustAb   .     (helmet currently unavailable)
rPois  +         Gourm    .     (no amulet)
rElec  .         Spirit   .     (no ring)
rCorr  .         Warding  .     (no ring)
rMut   .         Stasis   .     (no ring)
MR     .....                    (no ring)
Stlth  +.........               (no ring)
                                (no ring)
                                (no ring)
                                (no ring)

@: ice-form, very slow, not resistant to hostile enchantments, very unstealthy
A: almost no armour, amphibious, 8 rings, (constrict 8), (camouflage 0),
(gelatinous body 0)
a: End Transformation, Bend Time, Renounce Religion


You were on level 5 of the Dungeon.
You worshipped Cheibriados.
Cheibriados was aware of your devotion.
You were not hungry.
You were a creature of crystalline ice.
You visited 1 branch of the dungeon, and saw 5 of its levels.

You collected 272 gold pieces.

Inventory:

Missiles
 b - 12 arrows
 j - a throwing net
 n - 27 poisoned needles
 r - 4 javelins (quivered)
Jewellery
 i - an uncursed ring of sustain abilities {unknown}
 l - a cursed -2 ring of intelligence {unknown}
 u - an uncursed ring of flight {unknown}
 x - an uncursed amulet of regeneration {unknown}
 y - an uncursed amulet of guardian spirit {unknown}
 B - an uncursed ring of protection from fire {unknown}
Magical devices
 m - a wand of slowing (16)
 v - a wand of flame (31)
 C - a wand of paralysis (16)
Scrolls
 c - 4 scrolls of identify
 f - a scroll of magic mapping {unknown}
 g - 3 scrolls of teleportation
 s - 2 scrolls of blinking
 t - a scroll of noise {unknown}
 A - a scroll of remove curse {unknown}
Potions
 e - 2 potions of brilliance {unknown}
 k - a potion of flight {unknown}
 w - 2 potions of lignification {unknown}
 z - 3 potions of curing {unknown}
Books
 d - a book of Changes

   Spells                             Type                      Level
   a - Beastly Appendage              Transmutation                1
   b - Sticks to Snakes               Transmutation                2
   c - Spider Form                    Transmutation/Poison         3
   d - Ice Form                       Ice/Transmutation            4
   e - Blade Hands                    Transmutation                5
Comestibles
 a - 3 bread rations
 h - 5 meat rations
 o - 2 beef jerkies
 p - 8 fruits
 q - 2 slices of pizza


   Skills:
 - Level 1.0 Fighting
 - Level 2.0 Dodging
 - Level 3.0 Unarmed Combat
 - Level 2.0 Spellcasting
 + Level 8.1 Transmutations
 - Level 4.4 Ice Magic
 - Level 0.2 Poison Magic


You had 3 spell levels left.
You knew the following spells:

 Your Spells              Type           Power        Failure   Level  Hunger
a - Beastly Appendage     Trmt           #####.       1%          1    #......
b - Spider Form           Trmt/Pois      ###.......   10%         3    ###....
c - Ice Form              Ice/Trmt       ####....     14%         4    #####..


Dungeon Overview and Level Annotations

Branches:
Dungeon (5/15)             Temple (0/1) D:5

Altars:
Ashenzari
Cheibriados
Gozag
Kikubaaqudgha
Trog
Yredelemnul
The Shining One

Shops:
D:5 }

Annotations:
D:4 Incarnal's ghost, average DrSk


Innate Abilities, Weirdness & Mutations

You cannot wear most types of armour.
You are amphibious.
You can wear up to eight rings at the same time.
((You can use your tentacles to constrict many enemies at once.))
((Your skin changes colour to match your surroundings (Stealth).))
((Your rubbery body absorbs attacks (AC +1).))


Message History

A centaur comes into view.
Found a staircase to the Ecumenical Temple.
Casting: Ice Form
Confirm with . or Enter, or press ? or * to list all spells.
You turn into a creature of crystalline ice.
A kobold comes into view. It is wielding a whip of draining.
The centaur shouts!
The kobold shouts!
The centaur wields a shortbow.
The centaur shoots an arrow.
The arrow hits you!
The centaur shoots an arrow.
The arrow hits you.
You see here 2 arrows.
The centaur shoots an arrow.
The arrow hits you.
You see here an arrow.
The centaur shoots an arrow.
The arrow hits you!
The centaur shoots an arrow.
The arrow hits you!
* * * LOW HITPOINT WARNING * * *
You see here 2 arrows.
The centaur shoots an arrow.
The arrow hits you!
* * * LOW HITPOINT WARNING * * *
The centaur shoots an arrow.
The arrow hits you!
You die...

.#
##........#
.#
#.######<#
.# #.# ###
.# #.# .#
####.# .#
#.(..## .#
####(##".#
.#
#...(....#
.#
#.#KY.#..#
.#
#..#.#...#
##
#..c>....#
#..#.#...#
#.#...#..#
#. ......#
# ### ##


You could see a centaur and a kobold.

Vanquished Creatures
  A hungry ghost (D:5)
  2 eyes of draining (D:3)
  An ogre (D:5)
  A centaur (D:3)
  Blork the orc (D:4)
  A crimson imp (D:5)
  A jelly (D:5)
  A centaur skeleton (D:5)
  A hound (D:4)
  3 worker ants
  5 gnolls
  10 adders
  A shadow imp (D:5)
  6 worms
  3 orcs
  6 giant cockroaches
  14 goblins
  7 hobgoblins
  7 jackals
  2 quokkas
  7 bats
  4 giant geckos
  3 giant newts
  11 kobolds
  9 rats
  A spectral orc (D:5)
109 creatures vanquished.

Notes
Turn   | Place    | Note
--------------------------------------------------------------
     0 | D:1      | jacksonaction, the Octopode Transmuter, began the quest for the Orb.
     0 | D:1      | Reached XP level 1. HP: 13/13 MP: 3/3
   342 | D:1      | Reached XP level 2. HP: 11/18 MP: 2/4
  1093 | D:2      | Reached XP level 3. HP: 23/23 MP: 3/6
  1123 | D:2      | Learned a level 3 spell: Spider Form
  1303 | D:2      | Reached skill level 4 in Transmutations
  1305 | D:2      | Reached XP level 4. HP: 14/28 MP: 2/7
  2636 | D:2      | Reached XP level 5. HP: 30/33 MP: 5/9
  2641 | D:2      | Reached skill level 5 in Transmutations
  2668 | D:2      | Learned a level 4 spell: Ice Form
  2940 | D:3      | Found an opulent altar of Gozag.
  3114 | D:3      | Noticed an eye of draining
  3117 | D:3      | Found a bloodstained altar of Trog.
  3117 | D:3      | Noticed an eye of draining
  3141 | D:3      | Killed an eye of draining
  3141 | D:3      | Reached skill level 6 in Transmutations
  3141 | D:3      | Reached XP level 6. HP: 38/38 MP: 0/10
  3148 | D:3      | Killed an eye of draining
  3542 | D:3      | Found a snail-covered altar of Cheibriados.
  3558 | D:3      | Became a worshipper of Cheibriados the Contemplative
  3580 | D:3      | Reached skill level 7 in Transmutations
  3580 | D:3      | Reached XP level 7. HP: 27/43 MP: 8/12
  3994 | D:4      | Found an ancient bone altar of Kikubaaqudgha.
  3995 | D:4      | Noticed Incarnal's ghost (average DrSk)
  4094 | D:4      | Noticed Blork the orc
  4106 | D:4      | Killed Blork the orc
  4250 | D:4      | Reached skill level 8 in Transmutations
  4475 | D:4      | Found a glowing golden altar of the Shining One.
  4476 | D:4      | Found a shattered altar of Ashenzari.
  4770 | D:5      | Entered Level 5 of the Dungeon
  4808 | D:5      | Reached skill level 1 in Ice Magic
  4818 | D:5      | Acquired Cheibriados' first power
  5375 | D:5      | Found a basalt altar of Yredelemnul.
  5439 | D:5      | Noticed a hungry ghost
  5457 | D:5      | Killed a hungry ghost
  5457 | D:5      | Reached XP level 8. HP: 48/48 MP: 10/13
  5503 | D:5      | Found Qabesyev's Gadget Shop.
  5611 | D:5      | Found a staircase to the Ecumenical Temple.
  5617 | D:5      | Shot with an arrow by a centaur

Action                   |  1- 3 |  4- 6 |  7- 9 || total
-------------------------+-------+-------+-------++-------
Melee: Unarmed           |    50 |   134 |   108 ||   292
Throw: Javelin           |    20 |    25 |     5 ||    50
 Cast: Beastly Appendage |    12 |    11 |     2 ||    25
       Spider Form       |       |     7 |     9 ||    16
       Ice Form          |       |       |     6 ||     6
  Use: Scroll            |       |       |     4 ||     4
 Stab: Sleeping          |     1 |     6 |     2 ||     9
  Eat: Chunk             |     1 |     9 |     8 ||    18
       Pizza             |       |       |     1 ||     1
